 Dungeon Crawl Stone Soup version 0.02-100-gc9e1e00884 (webtiles) character file.

Game seed: 2892494793664888479, levelgen mode: deterministic

2368 Borgoz the Twirler (level 9, -12/57 HPs) Gargoyle Gladiator. Began on Sept 16, 2020. Was an Initiate of Ashenzari. Mangled by a guardian mummy (22 damage) ... on level 4 of the Dungeon. The game lasted 00:12:42 (4764 turns).

Borgoz the Twirler (Gargoyle Gladiator)             Turns: 4764, Time: 00:12:42

Health: -12/57     AC: 15    Str: 20    XL:     9 ^: 1264
Magic:  11/11      EV: 12    Int:  8    God:    Ashenzari [0* [24]]
Gold:   182        SH:  0    Dex: 13    Spells: 8/8 levels left

rFire    . . .     Vision   .   a - +0 quarterstaff
rCold    . . .     Gourm    .   (also wielding the above weapon)
rNeg     + . .     Faith    .   g - +0 ring mail
rPois    ∞         Spirit   .   c - +0 helmet
rElec    +         Reflect  .   (no cloak)
rCorr    .         Harm     .   l - +0 pair of gloves
MR       .....                  (no boots)
Stlth    ++........             (no amulet)
HPRegen  0.29/turn              (no ring)
MPRegen  0.21/turn              (no ring)

@: marked, very slightly contaminated
A: negative energy resistance 1, electricity resistance, unbreathing,
petrification resistance, rot immunity, AC +6
a: Curse Item, Renounce Religion


You were on level 4 of the Dungeon.
You worshipped Ashenzari.
Ashenzari was noncommittal.
You were not hungry.

You visited 2 branches of the dungeon, and saw 5 of its levels.

You collected 182 gold pieces.

Inventory:

Weapons
 a - a +0 quarterstaff (weapon)
 b - a +1 morningstar
Armour
 c - a +0 helmet (worn)
 g - a +0 ring mail (worn)
 l - a +0 pair of gloves (worn)
Jewellery
 e - a cursed ring of ice {(Curse: Stlth-)}
Wands
 d - a wand of ensnaring (9)
 n - a wand of scattershot (4)
 q - a wand of enslavement (2)
 r - a wand of polymorph (1)
Scrolls
 i - 6 scrolls of magic mapping
 j - 3 scrolls of amnesia
 k - a scroll of fog
 o - a scroll of enchantment
Potions
 p - a potion of heal wounds
 s - 2 potions of magic
Comestibles
 f - 10 rations
 h - 14 chunks of flesh


   Skills:
 * Level 7.1 Fighting
 * Level 7.9 Maces & Staves
 * Level 6.6 Armour
 - Level 2.4 Dodging
 + Level 3.7 Stealth
 + Level 3.5 Evocations


You had 8 spell levels left.
You didn't know any spells.
Your spell library was empty.

Dungeon Overview and Level Annotations

Branches:
Dungeon (4/8)              Temple (1/1) D:4

Altars:
Ashenzari
Cheibriados
Dithmenos
Elyvilon
Fedhas Madash
Gozag Ym Sagoz
Kikubaaqudgha
Makhleb
Qazlal
Ru
Uskayaw
Vehumet
The Shining One


Innate Abilities, Weirdness & Mutations

You are resistant to torment.
Your stone body is resilient. (AC +6)
You are immune to poison.
You resist negative energy. (rN+)
You are resistant to electric shocks. (rElec)
You can survive without breathing.
You are immune to petrification.
You are immune to rotting.


Message History

You sock the ogre (12)!
The ogre is heavily wounded. (18/30) HP A crimson imp comes into view.
You sock the ogre (15)!
The ogre is almost dead. (3/30) HP The ogre closely misses you (0).
You hit the ogre (5).
You kill the ogre!
Some of the chunks of flesh in your inventory have rotted away.
You hit the guardian mummy (5).
The guardian mummy is lightly damaged. (42/47) HP You sock the guardian mummy (9)!
The guardian mummy is moderately damaged. (33/47) HP The guardian mummy hits you (11)!
You barely miss the guardian mummy.
The orc priest calls down the wrath of Beogh upon you.
Beogh smites you!
* * * LOW HITPOINT WARNING * * *
The guardian mummy hits you (22)!!
You die...

.P#÷÷÷#P.#.........##.Z.#h...##..
....>))..#.........####.#..Z###..
#.#...#.............###ZZ.Z.# #..
.###.##..............###h..## ...
..#P.P##........ZZZo.h..Z.## #...
o....##.........5YoZ.Z.o..##
.##...........###Z#o..r....#
..##....#.....###M#.##.........
.#.....###....##@####...........
......## #...##...# #....#......
........ #....#..## #...####....
......## #.#....## ....# #..=
.....## ... #...## ... .....#
.... .# .#...# #.... ###...#
#.... # #$.#


You could see a guardian mummy, a sky beast, an orc priest, an orc, 2 bullfrog
zombies and an adder skeleton.

Vanquished Creatures
  Pikel (D:3)
  The ghost of Killmatronix the Skirmisher, an amateur BaWn of Makhleb (D:3)
  Eustachio (D:3)
  A guardian mummy (D:4)
  A porcupine (D:3)
  An ogre (D:4)
  An ice beast (D:4)
  Blork the orc (D:2)
  A bullfrog (D:4)
  2 howler monkeys (D:4)
  A centaur (D:4)
  A scorpion (D:4)
  4 wights (D:4)
  An orc priest (Temple)
  2 hounds (D:3)
  4 orc wizards (D:4)
  A wyvern zombie (D:4)
  3 worker ants
  A water moccasin skeleton (D:3)
  A wyvern skeleton (D:4)
  2 bullfrog zombies (D:4)
  2 porcupine zombies (D:4)
  A bullfrog skeleton (D:3)
  4 adders
  34 sewer rats (D:2)
  A white imp (D:3)
  2 worms
  4 cinder newts
  A hound zombie (D:4)
  A hound skeleton (D:3)
  2 oozes
  A howler monkey skeleton (D:3)
  2 leopard geckos
  7 orcs
  4 adder skeletons
  3 adder zombies
  3 bats
  A cinder newt skeleton (D:2)
  3 giant cockroaches
  2 goblins (D:1)
  A hobgoblin (D:1)
  7 jackals
  5 kobolds (D:1)
  2 quokkas
  A bat skeleton (D:2)
  A goblin skeleton (D:2)
  A leopard gecko skeleton (D:3)
  6 rats
  A plant (D:4)
  2 slaves (D:3)
  2 withered plants (D:2)
139 creatures vanquished.

Vanquished Creatures (others)
  A howler monkey (D:3)
  2 plants (D:4)
  5 toadstools (D:1)
  65 withered plants (D:2)
73 creatures vanquished.

Grand Total: 212 creatures vanquished

Notes
Turn   | Place    | Note
-------+----------+-------------------------------------------
     0 | D:1      | Borgoz the Gargoyle Gladiator began the quest for the Orb.
     0 | D:1      | Reached XP level 1. HP: 12/12 MP: 2/2
   158 | D:1      | Reached XP level 2. HP: 16/18 MP: 3/3
   183 | D:1      | Reached skill level 1 in Armour
   266 | D:1      | Reached XP level 3. HP: 16/22 MP: 4/4
   853 | D:2      | Noticed Blork the orc
   862 | D:2      | Killed Blork the orc
   930 | D:2      | Reached XP level 4. HP: 26/28 MP: 5/5
  1065 | D:2      | Reached XP level 5. HP: 23/32 MP: 6/6
  1325 | D:2      | Found a blossoming altar of Fedhas.
  1998 | D:2      | Reached skill level 5 in Maces & Staves
  2000 | D:2      | Reached XP level 6. HP: 25/38 MP: 7/7
  2729 | D:3      | Noticed Eustachio
  2785 | D:3      | Killed Eustachio
  2785 | D:3      | Reached XP level 7. HP: 13/44 MP: 8/8
  2871 | D:3      | Found a hide-covered altar of Uskayaw.
  2900 | D:3      | Found a runed translucent gate.
  2900 | D:3      | Found a runed translucent gate.
  2900 | D:3      | Found a runed translucent gate.
  2902 | D:3      | Noticed Killmatronix's ghost (amateur BaWn)
  3101 | D:3      | Found a shattered altar of Ashenzari.
  3132 | D:3      | Noticed Pikel
  3187 | D:3      | Reached skill level 5 in Fighting
  3187 | D:3      | Reached skill level 1 in Stealth
  3207 | D:3      | Killed Pikel
  3207 | D:3      | Reached skill level 5 in Armour
  3207 | D:3      | Reached XP level 8. HP: 14/51 MP: 9/9
  3356 | D:3      | Became a worshipper of Ashenzari the Ephemeral
  3861 | D:3      | Killed Killmatronix's ghost
  3962 | D:4      | Found a staircase to the Ecumenical Temple.
  3981 | Temple   | Entered the Ecumenical Temple
  4531 | D:4      | Reached XP level 9. HP: 56/56 MP: 11/11
  4764 | D:4      | Mangled by a guardian mummy

Levels and vault maps discovered:
D:1:      ldierk_walled_garden, layout_basic, serial_forest,
          infiniplex_forest_corner_1, infiniplex_forest_clump_small,
          infiniplex_forest_straight_4, infiniplex_forest_straight_5,
          infiniplex_forest_clump_cross, infiniplex_forest_lined_room_2,
          infiniplex_forest_end_2, infiniplex_forest_lined_2,
          infiniplex_forest_straight_5, st_stairs_1
D:2:      layout_sewer, fedhas_altar_4, uniq_blork_the_orc
D:3:      layout_loops_ring, first_ration, gammafunk_ghost_necromancy,
          basic_altar, evilmike_ruin_ashenzari, uniq_pikel, uniq_eustachio
D:4:      layout_layer_cave, marbit_many_paths,
          minmay_temple_entry_gardened_gates, blue_anna_alchemist
          [blue_anna_fruit_fields, blue_anna_fruit_fields], ossuary_tomb_1
Temple:   chequers_temple_sunken

Skill      XL: |  1  2  3  4  5  6  7  8  9 |
---------------+----------------------------+-----
Armour         | 1 2 3 5 6 |  6.6
Fighting       | 3 4 5 6 7 |  7.1
Maces & Staves | 4 5 6 7 |  7.9
Evocations     | 2 3 |  3.5
Stealth        | 2 3 |  3.7
Dodging        | |  2.4

Action                   |  1- 3 |  4- 6 |  7- 9 || total
-------------------------+-------+-------+-------++-------
Melee: Quarterstaff      |    71 |   171 |   272 ||   514
       Unarmed           |       |    58 |       ||    58
Evoke: Wand              |       |       |     1 ||     1
  Use: Potion            |     1 |     3 |     3 ||     7
       Scroll            |       |     1 |     3 ||     4
 Stab: Held in net/web   |       |       |     1 ||     1
  Eat: Chunk             |       |     3 |     7 ||    10
       Ration            |       |     1 |       ||     1
Armor: Leather armour    |    16 |       |       ||    16
       Ring mail         |     6 |    60 |   161 ||   227
Dodge: Dodged            |    43 |   126 |   165 ||   334
